AoeStats
← AussieToast

Nomad

509333575Analyzed
4v4 RM · 7d ago on Sep 26, 2026· 99m 14s· 8 players
Game mode
Random Map
Map size
231×231
Population
200
Speed
Normal
Resources
Standard
Victory
Conquest
Starting age
Dark Age
Ending age
Imperial Age
RankedLock teamsTeams togetherTeam positionsShared explorationLock speedFull tech treeHidden civsTurbo modeCheats
Victory
Defeat
🇻🇳 Teutons · Vietnam
996
+12
🇵🇱 Persians · Poland
940
+14
🇨🇳 Vikings · China
938
+14
🇨🇳 Dravidians · China
907
+16
🇦🇺 Wei · Australia
936
-15
🇦🇺 Ethiopians · Australia
912
-14
🇦🇺 Varangians · Australia
892
-14
🇦🇺 Celts · Australia
877
-13
oguri cap
10:18 Loom
14:52 Feudal Age
20:22 Castle Age
21:02 Double-Bit Axe
22:53 Medium Warships
25:03 Pikeman
25:29 Gambesons
26:51 Wheelbarrow
31:15 Imperial Age
31:00 Squires
33:03 Elite Skirmisher
35:37 Conscription
71:06 Chemistry
80:09 Halberdier
80:35 Arson
85:17 Forging
85:25 Scale Barding Armor
88:00 Elite Cannon Galleon
96:42 Chain Barding Armor
96:24 Scale Mail Armor
97:06 Iron Casting
PeterMT2699
6:07 Loom
15:50 Feudal Age
16:57 Double-Bit Axe
17:43 Horse Collar
20:03 Forging
20:01 Scale Barding Armor
23:10 Wheelbarrow
25:53 Castle Age
24:21 Bloodlines
27:17 Chain Barding Armor
27:12 Heavy Plow
27:24 Bow Saw
29:18 Iron Casting
31:49 Fletching
35:09 Hand Cart
36:51 Town Watch
38:51 Gold Mining
38:52 Stone Mining
40:12 Bodkin Arrow
40:18 Scale Mail Armor
43:29 Imperial Age
43:38 Chain Mail Armor
45:18 Blast Furnace
45:43 Chemistry
46:53 Plate Barding Armor
46:48 Plate Mail Armor
46:22 Cavalier
50:39 Ironclad
50:22 Paladin
52:38 Capped Ram
57:46 Elite Teutonic Knight
62:13 Town Patrol
71:03 Squires
71:43 Coinage
70:41 Pikeman
71:07 Arson
71:09 Gambesons
71:31 Halberdier
74:22 Padded Archer Armor
76:28 Guilds
79:29 Masonry
79:29 Siege Engineers
85:31 Crenellations
87:13 Stone Shaft Mining
91:31 Conscription
91:47 Hoardings
羽落S飘零
18:04 Feudal Age
22:00 Castle Age
20:21 Loom
20:27 Double-Bit Axe
20:43 Fishing Lines
21:29 Horse Collar
27:28 Gillnets
30:14 Squires
30:00 Arson
30:57 Chieftains
32:21 Fletching
33:06 Scale Mail Armor
33:55 Arson
Helenka
4:37 Loom
13:34 Feudal Age
14:27 Double-Bit Axe
19:56 Castle Age
21:53 Wheelbarrow
27:07 Bow Saw
26:39 Horse Collar
27:10 Gold Mining
27:12 Stone Mining
31:21 Crossbowman
32:06 Thumb Ring
34:15 Fletching
34:26 Padded Archer Armor
37:06 Imperial Age
34:52 Hand Cart
36:25 Scale Barding Armor
36:34 Forging
36:19 Bodkin Arrow
37:14 Bloodlines
37:04 Husbandry
37:44 Cavalier
39:08 Iron Casting
39:32 Chain Barding Armor
39:28 Leather Archer Armor
39:36 Conscription
40:54 Blast Furnace
40:25 Heavy Plow
41:27 Two-Man Saw
40:26 Savar
43:44 Plate Barding Armor
44:00 Gold Shaft Mining
44:01 Stone Shaft Mining
56:38 Elite Skirmisher
58:13 Ring Archer Armor
74:27 Crop Rotation
73:19 Onager
75:08 Pikeman
75:34 Gambesons
75:49 Squires
75:35 Arson
75:52 Scale Mail Armor
78:16 Halberdier
79:20 Chain Mail Armor
95:09 Plate Mail Armor
AussieToast
5:19 Loom
14:45 Feudal Age
17:06 Double-Bit Axe
18:57 Fishing Lines
22:51 Scale Mail Armor
23:02 Forging
22:36 Horse Collar
25:12 Castle Age
24:08 Man-at-Arms
24:34 Arson
25:44 Wheelbarrow
25:47 Gillnets
26:10 Medium Warships
26:46 Pikeman
26:46 Long Swordsman
27:12 Gambesons
33:22 Chain Mail Armor
33:43 Iron Casting
36:26 Hand Cart
39:09 Bow Saw
50:34 Heavy Plow
Curlz
12:51 Loom
19:25 Feudal Age
19:28 Man-at-Arms
27:03 Castle Age
26:25 Horse Collar
26:32 Double-Bit Axe
27:30 Bloodlines
27:32 Scale Barding Armor
27:41 Forging
28:50 Husbandry
38:02 Heavy Plow
42:05 Imperial Age
42:14 Tuntian
44:24 Ming Guang Armor
44:33 Heavy Hei Guang Cavalry
Sinbad
4:23 Loom
5:12 Loom
16:09 Feudal Age
16:38 Double-Bit Axe
18:28 Horse Collar
21:08 Castle Age
20:44 Bloodlines
21:19 Scale Barding Armor
23:24 Gold Mining
24:34 Pikeman
34:14 Stone Mining
34:26 Heavy Plow
40:42 Imperial Age
39:09 Husbandry
39:07 Arson
39:22 Squires
39:49 Chain Barding Armor
40:52 Elite Jarl
43:20 Wheelbarrow
42:30 Town Watch
42:59 Cavalier
44:30 Plate Barding Armor
45:06 Capped Ram
48:56 Forging
48:47 Scale Mail Armor
49:30 Bow Saw
49:53 Crop Rotation
50:29 Iron Casting
51:32 Chain Mail Armor
51:19 Murder Holes
50:49 Halberdier
54:44 Blast Furnace
54:15 Plate Mail Armor
54:25 Ballistics
55:08 Halberdier
SmallPP4000
16:12 Feudal Age
16:40 Double-Bit Axe
17:00 Fishing Lines
19:09 Town Watch
21:43 Padded Archer Armor
21:34 Fletching
26:56 Castle Age
27:06 Crossbowman
27:58 Thumb Ring
30:57 Bodkin Arrow
35:16 Gold Mining
35:18 Stone Mining
35:42 Bow Saw
40:16 Leather Archer Armor
40:02 Scale Mail Armor
40:14 Forging
41:44 Town Patrol
42:20 Wheelbarrow
45:15 Elite Skirmisher
49:20 Hand Cart
49:10 Squires
48:55 Arson
Connection lost

Rejoining the realm…

Still unreachable

The connection could not be restored.

Session expired

The server has moved on; the page needs a fresh start.